Map: Chantier naval orbital

Players

Hamster

  • Race: Zerg Zerg
  • League: Grandmaster

AgCl - Winner!

  • Race: Protoss Protoss
  • League: Grandmaster

VOD

Have the link to the VOD?

Description

Time

  • Played on: July 2, 2015, 4 p.m.
  • Length: 9:48
Show
View Real Time Build Order
Export as new Build Order

Hamster Zerg 

Build Orders: 3 Hatch before Pool 

Get SALT Encoding   

  12  0:01  Drone  
  13  0:12  Overlord  
  13  0:17  Drone  
  14  0:41  Hatchery  
  13  0:46  Drone  
  13  0:49  Drone  
  15  0:55  Drone  
  16  1:18  Hatchery  
  15  1:19  Drone  
  15  1:24  Drone  
  17  1:39  Spawning Pool  
  16  1:41  Drone  
  16  1:45  Extractor  
  16  1:47  Drone  
  16  1:53  Drone  
  18  2:03  Drone  
  18  2:05  Drone  
  20  2:13  Drone x2  
  22  2:17  Drone x2  
  24  2:26  Drone x2  
  26  2:37  Queen x2  
  30  2:44  Queen  
  30  2:47  Drone  
  33  2:51  Overlord  
  33  2:56  Metabolic Boost  
  33  3:00  Overlord  
  33  3:05  Drone  
  34  3:13  Drone x5, Extractor  
  38  3:26  Drone  
  38  3:27  Drone x2  
  41  3:28  Drone  
  41  3:29  Drone x3  
  45  3:37  Drone  
  45  3:38  Evolution Chamber, Drone  
  45  3:39  Evolution Chamber  
  45  3:42  Overlord  
  45  3:48  Drone  
  45  3:52  Drone  
  45  3:53  Drone x2  
  45  3:55  Overlord  
  49  3:57  Overlord  
  49  4:08  Zerg Ground Armor Level 1, Zerg Melee Weapons Level 1  
  49  4:10  Drone x2  
  49  4:13  Zergling x6  
  54  4:21  Drone  
  54  4:22  Drone x5  
  60  4:27  Zergling x6  
  60  4:29  Overlord  
  63  4:32  Lair  
  63  4:34  Zergling x2  
  63  4:35  Zergling x2  
  63  4:36  Zergling x2  
  66  4:40  Drone x2  
  66  4:43  Drone  
  69  4:51  Spore Crawler  
  68  4:54  Spore Crawler  
  68  4:59  Spore Crawler  
  66  5:01  Extractor  
  66  5:03  Extractor  
  66  5:05  Drone x4  
  68  5:09  Drone, Extractor  
  68  5:13  Drone  
  69  5:14  Extractor  
  69  5:16  Drone x3  
  71  5:21  Zergling x2  
  71  5:22  Zergling x16  
  71  5:24  Zergling x4  
  82  5:37  Overlord x2  
  82  5:38  Overlord x3  
  82  5:42  Spire  
  81  5:48  Overlord x2  
  81  6:05  Zerg Ground Armor Level 2, Zerg Melee Weapons Level 2  
  81  6:08  Drone  
  81  6:09  Drone x5  
  81  6:10  Drone x2  
  89  6:13  Overlord x4  
  89  6:36  Drone  
  89  6:39  Drone x2  
  92  6:46  Drone  
  93  6:47  Infestation Pit  
  92  6:58  Mutalisk x7  
  92  6:59  Mutalisk x3  
  112  7:07  Mutalisk  
  106  7:21  Zergling x2  
  106  7:22  Zergling x18  
  108  7:23  Mutalisk  
  108  7:29  Mutalisk x2  
  104  7:35  Hive  
  102  7:38  Zergling x8  
  102  7:39  Zergling x6  
  99  7:47  Mutalisk  
  99  7:48  Mutalisk  
  91  7:55  Zergling x2  
  91  7:56  Zergling x14  
  92  8:03  Zergling x4  
  87  8:06  Queen  
  87  8:11  Corruptor x2  
  88  8:16  Zergling x2  
  87  8:26  Zergling x2  
  85  8:27  Zergling x4  
  85  8:31  Corruptor  
  85  8:33  Corruptor x2  
  86  8:38  Corruptor  
  86  8:41  Corruptor  
  80  8:49  Corruptor  
  82  8:58  Zergling x2  
  82  8:59  Zergling x12  
Show
View Real Time Build Order
Export as new Build Order

AgCl Protoss - Winner!

Build Orders: Nexus First, Oracle Opening, Carrier Rush 

Get SALT Encoding   

  12  0:38  Probe, Pylon  
  13  0:50  Probe  
  14  1:02  Probe  
  15  1:05  Nexus  
  15  1:15  Probe  
  16  1:24  Gateway  
  16  1:27  Probe  
  17  1:33  Assimilator  
  17  1:39  Probe  
  18  1:49  Assimilator  
  18  1:51  Probe (Chrono Boost), Pylon  
  19  2:03  Probe (Chrono Boost)  
  20  2:10  Probe (Chrono Boost)  
  21  2:16  Cybernetics Core  
  21  2:20  Probe (Chrono Boost)  
  22  2:26  Pylon  
  23  2:31  Probe (Chrono Boost)  
  23  2:32  Probe (Chrono Boost)  
  24  2:40  Probe (Chrono Boost)  
  24  2:41  Probe (Chrono Boost)  
  26  2:49  Probe (Chrono Boost)  
  28  2:53  Probe (Chrono Boost)  
  28  2:58  Probe (Chrono Boost)  
  29  3:01  Stargate  
  29  3:04  Probe (Chrono Boost)  
  32  3:06  Mothership Core (Chrono Boost)  
  32  3:10  Warp Gate (Chrono Boost)  
  33  3:14  Probe (Chrono Boost)  
  33  3:18  Assimilator  
  33  3:20  Probe  
  33  3:24  Probe (Chrono Boost)  
  35  3:33  Probe (Chrono Boost), Pylon  
  36  3:36  Probe (Chrono Boost)  
  37  3:43  Probe (Chrono Boost), Assimilator  
  37  3:46  Probe (Chrono Boost)  
  37  3:48  Oracle (Chrono Boost)  
  42  3:50  Probe (Chrono Boost)  
  42  3:53  Probe  
  45  4:05  Probe (Chrono Boost)  
  45  4:06  Probe (Chrono Boost)  
  46  4:10  Fleet Beacon  
  46  4:15  Probe (Chrono Boost)  
  46  4:17  Probe (Chrono Boost)  
  48  4:25  Gateway  
  48  4:26  Probe  
  48  4:28  Probe  
  48  4:29  Gateway  
  48  4:30  Gateway  
  49  4:37  Carrier (Chrono Boost)  
  49  4:38  Probe  
  50  4:40  Probe  
  51  4:50  Probe  
  51  4:52  Probe, Protoss Air Weapons Level 1 (Chrono Boost)  
  59  5:02  Probe  
  60  5:14  Gateway  
  60  5:20  Stargate  
  60  5:22  Pylon  
  60  5:33  Graviton Catapult (Chrono Boost)  
  60  5:38  Carrier (Chrono Boost)  
  60  5:40  Probe x2, Nexus, Forge  
  60  5:41  Pylon  
  62  5:54  Pylon  
  68  5:57  Carrier (Chrono Boost), Assimilator  
  68  6:00  Gateway  
  68  6:03  Gateway  
  68  6:18  Protoss Ground Weapons Level 1 (Chrono Boost)  
  74  6:24  Sentry  
  72  6:29  Pylon  
  72  6:37  Adept x4  
  80  6:43  Carrier (Chrono Boost)  
  77  6:57  Adept x2  
  87  7:09  Adept x2  
  89  7:22  Carrier (Chrono Boost)  
  79  7:27  Stalker  
  79  7:28  Zealot x3  
  77  7:39  Stalker x2  
  77  7:40  Stalker  
  83  7:50  Zealot  
  83  7:51  Zealot x3  
  89  7:54  Probe  
  86  8:05  Zealot x3  
  82  8:18  Pylon  
  80  8:23  Adept, Zealot  
  80  8:24  Adept x2  
Tags
 
Add a new tag
Caveats
  • Supply blocks, unpowered buildings, or Contaminate may cause inaccurate times.
  • Supply counts are checked every 10 seconds.